 Dungeon Crawl Stone Soup version 0.29-a0-284-gf9362112df (webtiles) character file.

Game seed: 217521844232717654

172 cheechan the Insei (level 5, -5/25 HPs)
             Began as a Vine Stalker Transmuter on Mar 16, 2022.
             Slain by a gnoll
             ... wielding a +0 halberd
              (11 damage)
             ... on level 3 of the Dungeon.
             The game lasted 00:10:14 (2137 turns).

cheechan the Insei (Vine Stalker Transmuter)        Turns: 2137, Time: 00:10:15

Health: -5/25      AC:  3    Str: 12    XL:     5   Next: 53%
Magic:  0/10       EV: 12    Int: 13    God:
Gold:   151        SH:  0    Dex: 17    Spells: 5/10 levels left

rFire   . . .      SeeInvis .     - Unarmed
rCold   . . .      Faith    .   b - orb {mayhem}
rNeg    . . .      Spirit   +   a - +0 robe
rPois   .          Reflect  .   (helmet currently unavailable)
rElec   .          Harm     .   (no cloak)
rCorr   .          Rampage  .   d - +0 pair of gloves
Will    .....                   (boots currently unavailable)
Stlth   ++........              (no amulet)
HPRegen 0.88/turn               (no ring)
MPRegen 0.12/turn               (no ring)

@: appendages, very slightly contaminated
A: horns 2, talons 2, fangs 2, regeneration 1, magic shield, antimagic bite, no
potion heal 2
a: End Transformation


You were on level 3 of the Dungeon.
You had temporarily grown beastly horns and talons.
You visited 1 branch of the dungeon, and saw 3 of its levels.

You collected 151 gold pieces.

Inventory:

Missiles
 e - 71 stones
 j - 5 poisoned darts (quivered)
Armour
 a - a +0 robe (worn)
 b - an orb of mayhem (worn)
 d - a +0 pair of gloves (worn)
 g - a +0 kite shield
Scrolls
 c - a scroll of enchant armour {unknown}
 h - a scroll of vulnerability {unknown}
Potions
 f - 2 potions of curing
 i - 2 potions of might {unknown}
 k - a potion of flight {unknown}
 l - a potion of haste


   Skills:
 + Level 1.0 Fighting
 + Level 2.1 Dodging
 + Level 2.0 Stealth
 + Level 4.6 Unarmed Combat
 + Level 3.0 Spellcasting
 + Level 2.5 Transmutations


You had 5 spell levels left.
You knew the following spells:

 Your Spells              Type           Power      Damage    Failure   Level
a - Beastly Appendage     Tmut           16%        N/A       9%          1
b - Slow                  Hex            4%         N/A       22%         1
c - Spider Form           Tmut/Pois      5%         N/A       38%         3

Your spell library contained the following spells:

 Spells                   Type           Power      Damage    Failure   Level
 Wereblood                Tmut           8%         N/A       12%         2
 Ignite Poison            Fire/Tmut/Pois 4%         N/A       43%         3
 Confusing Touch          Hex            1%         N/A       56%         3
 Mephitic Cloud           Conj/Pois/Air  2%         N/A       56%         3
 Vampiric Draining        Necr           1%         2d6       56%         3
 Ice Form                 Ice/Tmut       5%         N/A       80%         4
 Freezing Cloud           Conj/Ice/Air   0%         6-21      99%         5


Dungeon Overview and Level Annotations

Branches:
Dungeon (3/15)

Altars:


Innate Abilities, Weirdness & Mutations

You have temporarily grown beastly horns and talons.
You have extremely sharp teeth.
Your natural rate of healing is unusually fast.
When hurt, damage is shared between your health and your magic reserves.
Your bite disrupts and absorbs the magic of your enemies.
Potions cannot restore your health.


Message History

Confirm with . or Enter, or press ? or * to list all spells.
Aiming: Slow (safe; 22% risk of failure)
Press: ? - help, Shift-Dir - straight line, f/p - gnoll
Aim: a gnoll, wielding a +0 hunting sling and quivering 2 throwing nets (chance to affect: 42%)
You miscast Slow.
Nothing appears to happen.
The gnoll shoots a sling bullet.
The sling bullet hits you.
Unknown command.
Casting: Slow (safe; 22% risk of failure)
Confirm with . or Enter, or press ? or * to list all spells.
Aiming: Slow (safe; 22% risk of failure)
Press: ? - help, Shift-Dir - straight line, f/p - gnoll
Aim: a gnoll, wielding a +0 hunting sling and quivering 2 throwing nets (chance to affect: 42%)
The gnoll seems to slow down.
The gnoll is no longer moving slowly.
The gnoll shoots a sling bullet.
The sling bullet hits you.
The gnoll shoots a sling bullet.
The sling bullet closely misses you.
A quokka comes into view.
The gnoll shoots a sling bullet.
The sling bullet barely misses you.
The gnoll unwields a +0 hunting sling.
The gnoll wields a +0 halberd.
The gnoll closely misses you.
You hit the gnoll but do no damage. You barely miss the gnoll.
The gnoll hits you with a +0 halberd!
Casting: Slow (safe; 22% risk of failure)
Confirm with . or Enter, or press ? or * to list all spells.
You grow a pair of large bovine horns.
Your feet morph into talons.
The gnoll closely misses you.
You hit the gnoll. You claw the gnoll. You bite the gnoll. You drain its power.
You feel invigorated.
The gnoll is heavily wounded.
The gnoll hits you with a +0 halberd!
Ouch! That really hurt!
* * * LOW HITPOINT WARNING * * *
You barely miss the gnoll. Your kick misses the gnoll. You bite the gnoll.
You drain its power.
You feel invigorated.
The gnoll is severely wounded.
The gnoll closely misses you.
You barely miss the gnoll. Your kick misses the gnoll.
Your headbutt misses the gnoll.
The gnoll is severely wounded.
The gnoll hits you with a +0 halberd!
You die...

.##.#.######.)....####
....#...........#.....
..#####...##.......###
....#...#.##...###...#
.##.#.# #.##.#.#$#.#.###
...... #......#.#......
.###..# #..#...†.....#?.
.# #..#.......##.##.....
.# ...#...###.#.@.#.###.
.# ..# .#.#:....:g...)#.
.##..##...###.#...#.###.
........#.....##.##.....
.#...# #$.#.........#.#
.....##.#......#.#.....#
...........r.#.#.#.#.###
##...#######...###....
#...#


You could see a gnoll and a quokka.

Vanquished Creatures
  Natasha (twice) (D:3)
  Robin (D:3)
  3 adders
  2 worms (D:3)
  4 dart slugs
  3 bats
  8 endoplasms
  5 giant cockroaches
  9 goblins
  6 hobgoblins
  2 jackals (D:2)
  A quokka (D:1)
  5 ball pythons
  4 frilled lizards (D:1)
  4 kobolds
  7 rats
66 creatures vanquished.

Vanquished Creatures (collateral kills)
  A giant cockroach (D:3)
  4 goblins (D:3)
  A hobgoblin (D:3)
6 creatures vanquished.

Grand Total: 72 creatures vanquished

Notes
Turn   | Place    | Note
-------+----------+-------------------------------------------
     0 | D:1      | cheechan the Vine Stalker Transmuter began the quest for
                  | the Orb.
     0 | D:1      | Reached XP level 1. HP: 9/9 MP: 4/4
   235 | D:1      | Reached XP level 2. HP: 7/14 MP: 3/6
   299 | D:1      | Found a faded altar of an unknown god.
   374 | D:1      | Reached skill level 1 in Fighting
   616 | D:1      | Reached XP level 3. HP: 11/18 MP: 5/7
  1468 | D:2      | Gained mutation: Your natural rate of healing is unusually
                  | fast. [Vine Stalker growth]
  1468 | D:2      | Reached XP level 4. HP: 12/22 MP: 6/9
  1499 | D:2      | Reached skill level 4 in Unarmed Combat
  1851 | D:3      | Noticed Natasha
  1861 | D:3      | Killed Natasha
  1862 | D:3      | Reached skill level 1 in Stealth
  1876 | D:3      | Noticed Natasha
  1882 | D:3      | Killed Natasha
  1883 | D:3      | Reached XP level 5. HP: 25/25 MP: 8/10
  1931 | D:3      | Noticed Robin
  1945 | D:3      | Killed Robin
  2010 | D:3      | Learned a level 1 spell: Slow
  2014 | D:3      | Learned a level 3 spell: Spider Form
  2137 | D:3      | Slain by a gnoll

Illustrated notes

Levels and vault maps discovered:
D:1:      dpeg_arrival_chambers_temple_mockup, layout_basic,
          shapermc_ecumenical_altar_starsandcircs
D:2:      layout_loops_ring, minmay_pentomino_pile
D:3:      layout_loops_ring, minmay_fractal_squares_5, uniq_ijyb, uniq_natasha,
          uniq_robin, uniq_grinder

Skill      XL: |  1  2  3  4  5 |
---------------+----------------+-----
Fighting       | 1 |  1.0
Unarmed Combat | 4 |  4.6
Dodging        | 2 |  2.1
Stealth        | 1 2 |  2.0
Spellcasting   | 3 |  3.0
Transmutations | |  2.5

Action                   |  1- 3 |  4- 6 || total
-------------------------+-------+-------++-------
Melee: Unarmed           |    87 |    58 ||   145
       Bite              |    15 |    16 ||    31
       Kick              |    11 |    10 ||    21
       Headbutt          |     7 |     8 ||    15
 Cast: Beastly Appendage |    13 |    12 ||    25
       Slow              |       |     3 ||     3
       Spider Form       |       |     2 ||     2
  Use: Potion            |     1 |       ||     1
       Scroll            |       |     4 ||     4
 Stab: Sleeping          |     2 |     1 ||     3
       Distracted        |       |     1 ||     1
Armor: Robe              |    23 |    11 ||    34
       Skin              |     4 |       ||     4
Dodge: Dodged            |    54 |    36 ||    90

Table legend: (Time is in decaauts)
 A = Elapsed time spent in this place.
 B = Non-inter-level travel time spent in this place.
 C = Inter-level travel time spent in this place.
 D = Time resting spent in this place.
 E = Time spent auto-exploring this place.
 F = Levels seen in this place.
 G = Mean time per level.
                   A        B        C        D        E       F      G
               +--------+--------+--------+--------+--------+-----+--------+
         Total |   2131 |   2131 |      0 |    279 |      0 |   3 |  710.3 |
       Dungeon |   2131 |   2131 |      0 |    279 |      0 |   3 |  710.3 |
               +--------+--------+--------+--------+--------+-----+--------+

Top non-repeatable levels by time:
     D:2: 1077 daAuts
     D:1: 672 daAuts
     D:3: 382 daAuts
